HS
SULPHUR HS GOLDEN TORNADOS @ SETON HALL PREP HS PIRATES
03/18/2060
 
TOP OF THE 1ST
Sulphur HS Golden Tornados batting - Pitching for Seton Hall Prep HS Pirates : RHP Ty Hurt
Pitching: RHP Ty Hurt
Batting: LHB Dashawn Dawson 0-0: Called Strike
0-1: Ball
1-1: Ball
2-1: Ball
3-1: Foul Ball, location: 2F
3-2: Base on Balls
Batting: RHB Shomari Cambridge 0-0: Called Strike
0-1: Ball
1-1: Foul Ball, location: 2F
1-2: Strikes out swinging
Batting: LHB Chase Ingold 0-0: Ball
1-0: Ball
2-0: Ball
3-0: Called Strike
3-1: Swinging Strike
3-2: Strikes out swinging
Batting: LHB Carter Whitefield Balk!
Dashawn Dawson to second
0-0: Ground out 5-3 (Groundball, 5, EV 84.4 MPH)
Top of the 1st over - 0 runs, 0 hits, 0 errors, 1 left on base; Sulphur HS 0 - Seton Hall Prep HS 0
BOTTOM OF THE 1ST
Seton Hall Prep HS Pirates batting - Pitching for Sulphur HS Golden Tornados : RHP Markel Chase
Pitching: RHP Markel Chase
Batting: LHB Henry Mali 0-0: Ball
1-0: Ball
2-0: Ball
3-0: Called Strike
3-1: Foul Ball, location: 2F
3-2: Strikes out swinging
Batting: RHB Mitchell King 0-0: Ball
1-0: Fly out, F7 (Flyball, 7D, EV 91.2 MPH)
Batting: RHB Blayke Ramos 0-0: Called Strike
0-1: Ground out 4-3 (Groundball, 4M, EV 84.4 MPH)
Bottom of the 1st over - 0 runs, 0 hits, 0 errors, 0 left on base; Sulphur HS 0 - Seton Hall Prep HS 0
TOP OF THE 2ND
Sulphur HS Golden Tornados batting - Pitching for Seton Hall Prep HS Pirates : RHP Ty Hurt
Batting: RHB Cole Gregston 0-0: Ball
1-0: Called Strike
1-1: Fly out, F8 (Flyball, 8RD, EV 98.1 MPH)
Batting: RHB Lucas Hayek 0-0: Called Strike
0-1: Foul Ball, location: 2F
0-2: SINGLE (Flyball, 7LS, EV 83.8 MPH)
Batting: RHB Amadom Ut 0-0: Called Strike
0-1: Called Strike
Lucas Hayek steals 2nd base
0-2: Ball
1-2: Foul Ball, location: 2F
1-2: Foul Ball, location: 2F
1-2: Ball
2-2: SINGLE (Groundball, 4D, EV 95.6 MPH)
Lucas Hayek to third
Batting: SHB Owen Benedict 0-0: Ball
Amadom Ut steals 2nd base
1-0: Ball
2-0: Foul Ball, location: 2F
2-1: Foul Ball, location: 2F
2-2: Foul Ball, location: 2F
2-2: Foul Ball, location: 2F
2-2: Strikes out swinging
Batting: RHB Brendan Bowden 0-0: Ball
1-0: Foul Ball, location: 2F
1-1: Ground out 4-3 (Groundball, 34, EV 101.9 MPH)
Top of the 2nd over - 0 runs, 2 hits, 0 errors, 2 left on base; Sulphur HS 0 - Seton Hall Prep HS 0
BOTTOM OF THE 2ND
Seton Hall Prep HS Pirates batting - Pitching for Sulphur HS Golden Tornados : RHP Markel Chase
Batting: LHB Alec Echard 0-0: Called Strike
0-1: Foul Ball, location: 2F
0-2: Foul Ball, location: 2F
0-2: Ball
1-2: Ball
2-2: Ball
3-2: SINGLE (Flyball, 78S, EV 86.9 MPH)
Batting: RHB Keven Goodwin 0-0: Called Strike
0-1: Foul Ball, location: 2F
0-2: Ball
1-2: Ball
2-2: Strikes out swinging
Batting: SHB Schroeder Rivas 0-0: SINGLE (Line Drive, 56D, EV 95.0 MPH)
Alec Echard to second
Batting: LHB Payton Tagawa 0-0: Called Strike
0-1: Ball
1-1: Ball
2-1: DOUBLE (Line Drive, 7LM, EV 104.4 MPH)
Alec Echard scores
Schroeder Rivas to third
Batting: RHB Draven Carter 0-0: 3-RUN HOME RUN (Flyball, 78XD, EV 101.9 MPH), Distance : 400 ft
Batting: RHB Sean Stockton 0-0: Ball
1-0: Swinging Strike
1-1: Fly out, F8 (Line Drive, 8RXD, EV 91.9 MPH)
Batting: LHB Henry Mali 0-0: Ball
1-0: Foul Ball, location: 2F
1-1: Called Strike
1-2: Strikes out swinging
Bottom of the 2nd over - 4 runs, 4 hits, 0 errors, 0 left on base; Sulphur HS 0 - Seton Hall Prep HS 4
TOP OF THE 3RD
Sulphur HS Golden Tornados batting - Pitching for Seton Hall Prep HS Pirates : RHP Ty Hurt
Batting: LHB Dashawn Dawson 0-0: Called Strike
0-1: Ball
1-1: Swinging Strike
1-2: Ball
2-2: Fly out, F7 (Flyball, 78M, EV 85.6 MPH)
Batting: RHB Shomari Cambridge 0-0: Ball
1-0: Ball
2-0: Ball
3-0: Called Strike
3-1: DOUBLE (Line Drive, 78D, EV 109.4 MPH)
Batting: LHB Chase Ingold 0-0: Called Strike
0-1: Swinging Strike
0-2: Ball
1-2: Foul Ball, location: 2F
1-2: Foul Ball, location: 2F
1-2: Strikes out swinging
Batting: LHB Carter Whitefield 0-0: Ball
1-0: Fly out, F8 (Flyball, 8RS, EV 85.0 MPH)
Top of the 3rd over - 0 runs, 1 hit, 0 errors, 1 left on base; Sulphur HS 0 - Seton Hall Prep HS 4
BOTTOM OF THE 3RD
Seton Hall Prep HS Pirates batting - Pitching for Sulphur HS Golden Tornados : RHP Markel Chase
Batting: RHB Mitchell King 0-0: Foul Ball, location: 2F
0-1: Ball
1-1: Fly out, F7 (Flyball, 78M, EV 85.6 MPH)
Batting: RHB Blayke Ramos 0-0: Fly out, F4 (Popup, 4, EV 51.9 MPH)
Batting: LHB Alec Echard 0-0: Ball
1-0: Ball
2-0: Ball
3-0: Hit by Pitch
Batting: RHB Keven Goodwin 0-0: Called Strike
0-1: Fly out, F8 (Flyball, 8LM, EV 84.4 MPH)
Bottom of the 3rd over - 0 runs, 0 hits, 0 errors, 1 left on base; Sulphur HS 0 - Seton Hall Prep HS 4
TOP OF THE 4TH
Sulphur HS Golden Tornados batting - Pitching for Seton Hall Prep HS Pirates : RHP Ty Hurt
Batting: RHB Cole Gregston 0-0: Foul Ball, location: 2F
0-1: Reached on error, E6 (Groundball, 6, EV 93.8 MPH)
Batting: RHB Lucas Hayek 0-0: Called Strike
0-1: Swinging Strike
0-2: Foul Ball, location: 2F
0-2: Strikes out swinging
Batting: RHB Amadom Ut 0-0: Fly out, F8 (Flyball, 89D, EV 95.6 MPH)
Batting: SHB Owen Benedict 0-0: Swinging Strike
0-1: Ball
1-1: Ball
2-1: Ball
3-1: Foul Ball, location: 2F
3-2: SINGLE (Groundball, 4D, EV 108.8 MPH)
Cole Gregston to second
Cole Gregston to third
Batting: RHB Brendan Bowden 0-0: Ball
1-0: Ball
2-0: Ball
3-0: Called Strike
3-1: Foul Ball, location: 2F
3-2: Ground out 6-3 (Groundball, 6, EV 86.2 MPH)
Top of the 4th over - 0 runs, 1 hit, 1 error, 2 left on base; Sulphur HS 0 - Seton Hall Prep HS 4
BOTTOM OF THE 4TH
Seton Hall Prep HS Pirates batting - Pitching for Sulphur HS Golden Tornados : RHP Markel Chase
Batting: SHB Schroeder Rivas 0-0: Fly out, F8 (Flyball, 8LXD, EV 88.8 MPH)
Batting: LHB Payton Tagawa 0-0: Ball
1-0: Fly out, F8 (Flyball, 8LS, EV 95.0 MPH)
Batting: RHB Draven Carter 0-0: Foul Ball, location: 2F
0-1: Ball
1-1: Called Strike
1-2: Strikes out looking
Bottom of the 4th over - 0 runs, 0 hits, 0 errors, 0 left on base; Sulphur HS 0 - Seton Hall Prep HS 4
TOP OF THE 5TH
Sulphur HS Golden Tornados batting - Pitching for Seton Hall Prep HS Pirates : RHP Ty Hurt
Pitching: RHP Tod Piccolo
Batting: LHB Dashawn Dawson 0-0: Called Strike
0-1: Ball
1-1: Swinging Strike
1-2: Ball
2-2: Foul Ball, location: 2F
2-2: SINGLE (Flyball, 34D, EV 96.9 MPH)
Batting: RHB Shomari Cambridge 0-0: Ground out 4-3 (Groundball, 34, EV 93.8 MPH)
Dashawn Dawson to second
Batting: LHB Chase Ingold 0-0: Ball
1-0: Ball
2-0: Foul Ball, location: 2F
2-1: Foul Ball, location: 2F
2-2: Foul Ball, location: 2F
2-2: Ball
3-2: SINGLE (Line Drive, 56D, EV 94.4 MPH)
Dashawn Dawson to third
Runner from 3rd tries for Home, throw by LF and OUT! 7-2
Batting: LHB Carter Whitefield 0-0: Called Strike
0-1: Ball
1-1: Called Strike
1-2: Fly out, F7 (Flyball, 7, EV 87.5 MPH)
Top of the 5th over - 0 runs, 2 hits, 0 errors, 1 left on base; Sulphur HS 0 - Seton Hall Prep HS 4
BOTTOM OF THE 5TH
Seton Hall Prep HS Pirates batting - Pitching for Sulphur HS Golden Tornados : RHP Markel Chase
Batting: RHB Sean Stockton 0-0: Ball
1-0: Ball
2-0: Ball
3-0: Called Strike
3-1: Foul Ball, location: 2F
3-2: Foul Ball, location: 2F
3-2: Base on Balls
Batting: LHB Henry Mali 0-0: Bunted foul
0-1: Sac Bunt to 2R - play at first, batter OUT! 2-3
Sean Stockton to second
Batting: RHB Mitchell King 0-0: Called Strike
0-1: Fly out, F4 (Popup, 34S, EV 72.5 MPH)
Batting: RHB Blayke Ramos 0-0: Swinging Strike
0-1: Called Strike
0-2: Foul Ball, location: 2F
0-2: Foul Ball, location: 2F
0-2: Foul Ball, location: 2F
0-2: Ball
1-2: Ball
2-2: Foul Ball, location: 2F
2-2: Ball
3-2: SINGLE (Groundball, P, EV 88.8 MPH) (infield hit)
Sean Stockton to third
Batting: LHB Alec Echard 0-0: Swinging Strike
0-1: Fly out, F8 (Flyball, 8RM, EV 74.4 MPH)
Bottom of the 5th over - 0 runs, 1 hit, 0 errors, 2 left on base; Sulphur HS 0 - Seton Hall Prep HS 4
TOP OF THE 6TH
Sulphur HS Golden Tornados batting - Pitching for Seton Hall Prep HS Pirates : RHP Tod Piccolo
Batting: RHB Cole Gregston 0-0: Ball
1-0: Ball
2-0: Ball
3-0: Base on Balls
Batting: RHB Lucas Hayek 0-0: SINGLE (Groundball, 34, EV 105.6 MPH)
Cole Gregston to second
Cole Gregston to third
Batting: RHB Amadom Ut 0-0: Ball
1-0: Foul Ball, location: 2F
1-1: Ball
2-1: Called Strike
2-2: Strikes out swinging
Batting: SHB Owen Benedict 0-0: Ball
Lucas Hayek steals 2nd base
1-0: Foul Ball, location: 2F
1-1: Ball
2-1: Ball
3-1: Reached on error, E5 (Groundball, 56, EV 110.6 MPH)
Cole Gregston scores
Lucas Hayek to third
Batting: RHB Brendan Bowden 0-0: Foul Ball, location: 2F
0-1: Ball
1-1: Fly out, F3 (Popup, 34S, EV 78.8 MPH)
Batting: LHB Dashawn Dawson 0-0: Called Strike
0-1: Called Strike
0-2: Ball
1-2: Ball
2-2: Strikes out swinging
Top of the 6th over - 1 run, 1 hit, 1 error, 2 left on base; Sulphur HS 1 - Seton Hall Prep HS 4
BOTTOM OF THE 6TH
Seton Hall Prep HS Pirates batting - Pitching for Sulphur HS Golden Tornados : RHP Markel Chase
Batting: RHB Keven Goodwin 0-0: Ball
1-0: Called Strike
1-1: Swinging Strike
1-2: Ball
2-2: Strikes out swinging
Pitching: RHP Nathan Clark
Batting: SHB Schroeder Rivas 0-0: Ball
1-0: Fly out, F9 (Flyball, 9D, EV 97.5 MPH)
Batting: LHB Payton Tagawa 0-0: Called Strike
0-1: Ball
1-1: Ball
2-1: Ball
3-1: SINGLE (Line Drive, 9LS, EV 88.8 MPH)
Batting: RHB Draven Carter 0-0: Ball
1-0: Ball
2-0: Fly out, F9 (Flyball, 9, EV 97.5 MPH)
Bottom of the 6th over - 0 runs, 1 hit, 0 errors, 1 left on base; Sulphur HS 1 - Seton Hall Prep HS 4
TOP OF THE 7TH
Sulphur HS Golden Tornados batting - Pitching for Seton Hall Prep HS Pirates : RHP Tod Piccolo
Batting: RHB Shomari Cambridge 0-0: Swinging Strike
0-1: Swinging Strike
0-2: Ball
1-2: Strikes out swinging
Batting: LHB Chase Ingold 0-0: Ball
1-0: Ball
2-0: Ball
3-0: Called Strike
3-1: Ground out 5-3 (Groundball, 56, EV 100.6 MPH)
Batting: LHB Carter Whitefield 0-0: Called Strike
0-1: Ball
1-1: Called Strike
1-2: Ball
2-2: Ball
3-2: Base on Balls
Pitching: LHP Melchior Huang
Batting: RHB Cole Gregston 0-0: Ball
1-0: Ball
2-0: Foul Ball, location: 2F
2-1: Ball
3-1: Swinging Strike
3-2: Strikes out looking
Top of the 7th over - 0 runs, 0 hits, 0 errors, 1 left on base; Sulphur HS 1 - Seton Hall Prep HS 4
BOTTOM OF THE 7TH
Seton Hall Prep HS Pirates batting - Pitching for Sulphur HS Golden Tornados : RHP Nathan Clark
Batting: RHB Sean Stockton 0-0: Called Strike
0-1: Ball
1-1: Fly out, F8 (Line Drive, 8RD, EV 85.0 MPH)
Batting: LHB Henry Mali 0-0: Foul Ball, location: 2F
0-1: Swinging Strike
0-2: Ball
1-2: Foul Ball, location: 2F
1-2: Ball
2-2: Ball
3-2: Foul Ball, location: 2F
3-2: Base on Balls
Batting: RHB Mitchell King 0-0: Called Strike
0-1: Ball
1-1: Called Strike
Henry Mali is caught stealing 2nd base 2-4
1-2: Strikes out swinging
Bottom of the 7th over - 0 runs, 0 hits, 0 errors, 0 left on base; Sulphur HS 1 - Seton Hall Prep HS 4
TOP OF THE 8TH
Sulphur HS Golden Tornados batting - Pitching for Seton Hall Prep HS Pirates : LHP Melchior Huang
Batting: RHB Lucas Hayek 0-0: Ball
1-0: Ball
2-0: Foul Ball, location: 2F
2-1: Foul Ball, location: 2F
2-2: Ball
3-2: Ground out 6-3 (Groundball, 6, EV 100.0 MPH)
Batting: RHB Amadom Ut 0-0: Ball
1-0: Ball
2-0: Called Strike
2-1: Ball
3-1: Base on Balls
Batting: SHB Owen Benedict 0-0: Foul Ball, location: 2F
0-1: Foul Ball, location: 2F
0-2: Foul Ball, location: 2F
0-2: Grounds into double play, 4-6-3 (Groundball, 4S, EV 91.2 MPH)
Top of the 8th over - 0 runs, 0 hits, 0 errors, 0 left on base; Sulphur HS 1 - Seton Hall Prep HS 4
BOTTOM OF THE 8TH
Seton Hall Prep HS Pirates batting - Pitching for Sulphur HS Golden Tornados : RHP Nathan Clark
Batting: RHB Blayke Ramos 0-0: Ball
1-0: Ball
2-0: Called Strike
2-1: Fly out, F8 (Line Drive, 89M, EV 93.8 MPH)
Batting: LHB Alec Echard 0-0: Foul Ball, location: 2F
0-1: Ball
1-1: Foul Ball, location: 2F
1-2: SINGLE (Flyball, 8RS, EV 91.2 MPH)
Batting: RHB Keven Goodwin 0-0: Ball
Alec Echard is caught stealing 2nd base 2-4
1-0: Ball
2-0: Called Strike
2-1: Swinging Strike
2-2: Ball
3-2: Base on Balls
Batting: SHB Schroeder Rivas 0-0: Called Strike
0-1: Fly out, F8 (Flyball, 8RD, EV 96.9 MPH)
Bottom of the 8th over - 0 runs, 1 hit, 0 errors, 1 left on base; Sulphur HS 1 - Seton Hall Prep HS 4
TOP OF THE 9TH
Sulphur HS Golden Tornados batting - Pitching for Seton Hall Prep HS Pirates : LHP Melchior Huang
Pitching: RHP Elijah Schwark
Batting: RHB Brendan Bowden 0-0: Called Strike
0-1: Foul Ball, location: 2F
0-2: SOLO HOME RUN (Flyball, 7D, EV 96.2 MPH), Distance : 355 ft
Batting: LHB Dashawn Dawson 0-0: Ball
1-0: Called Strike
1-1: Ball
2-1: Foul Ball, location: 2F
2-2: Ball
3-2: Base on Balls
Batting: RHB Shomari Cambridge 0-0: Called Strike
0-1: Ball
1-1: Ball
2-1: Foul Ball, location: 2F
2-2: Strikes out swinging
Batting: LHB Chase Ingold 0-0: Called Strike
0-1: Ball
1-1: Called Strike
1-2: Fly out, F8 (Flyball, 8LXD, EV 103.1 MPH)
Batting: LHB Carter Whitefield 0-0: Ball
1-0: Foul Ball, location: 2F
1-1: Foul Ball, location: 2F
1-2: Ground out U3 (Groundball, 3, EV 86.2 MPH)
Top of the 9th over - 1 run, 1 hit, 0 errors, 1 left on base; Sulphur HS 2 - Seton Hall Prep HS 4
Wednesday, April 17th , 2024 - OOTP Baseball 23.10 Build 110